 Dungeon Crawl Stone Soup version 0.30.0-10-gfe55d96785 (webtiles) character file.

Game seed: 13839412353677259966

10833 Atelerd the Thaumaturge (level 11, -1/67 HPs)
             Began as an Octopode Earth Elementalist on May 15, 2023.
             Was a Believer of Sif Muna.
             Slain by a shadow (31 damage)
             ... on level 11 of the Dungeon.
             The game lasted 00:26:47 (14192 turns).

Atelerd the Thaumaturge (OpEE)                     Turns: 14192, Time: 00:26:48

Health: -1/67      AC:  1    Str: 11    XL:     11   Next: 68%
Magic:  22/27      EV: 15    Int: 21    God:    Sif Muna [**....]
Gold:   394        SH:  0    Dex: 14    Spells: 22/34 levels left

rFire   . . .        J - +9 falchion "Nyhyol" {protect, Str+4}
rCold   + . .        (no shield)
rNeg    . . .        (helmet restricted)
rPois   +            g - amulet of the acrobat
rElec   .            n - ring of poison resistance
rCorr   .            B - ring of protection from cold
SInv    .            (no ring)
Will    .....        (no ring)
Stlth   +++++        (no ring)
HPRegen 0.31/turn    (no ring)
MPRegen 0.20/turn    (no ring)
                     (no ring)

%: acrobat
@: invisible
A: almost no armour, amphibious, 8 rings, camouflage 1, gelatinous body 1,
(nimble swimmer 1), tentacles
a: Renounce Religion, Channel Magic


You were on level 11 of the Dungeon.
You worshipped Sif Muna.
Sif Muna was pleased with you.
You visited 2 branches of the dungeon, and saw 12 of its levels.
You also visited: Sewer.

You collected 586 gold pieces.
You spent 192 gold pieces at shops.

Inventory:

Hand Weapons
 c - a +1 dagger of venom
 C - the +9 lance "Wyrmbane" {slay drac, rPois rF+ rC+ AC+3}
   (You took it off Maggie on level 7 of the Dungeon)

   AC:        It affects your AC (+3).
   rF:        It protects you from fire.
   rC:        It protects you from cold.
   rPois:     It protects you from poison.
 J - the +9 falchion "Nyhyol" (weapon) {protect, Str+4}
   (You found it on level 10 of the Dungeon)

   Str:       It affects your strength (+4).
Missiles
 l - a throwing net
Jewellery
 g - an amulet of the acrobat (around mantle)
 n - a ring of poison resistance (left tentacle)
 B - a ring of protection from cold (right tentacle)
 K - the amulet "Dyphaam" {rPois rC+++ Regen+ MP+9 Dex-3}
   (You found it on level 11 of the Dungeon)

   [amulet of regeneration]

   Dex:       It affects your dexterity (-3).
   rC:        It renders you almost immune to cold.
   rPois:     It protects you from poison.
   MP:        It affects your magic capacity (+9).
   Regen:     It increases your rate of health regeneration.
Wands
 y - a wand of roots (3)
 D - a wand of mindburst (2)
 F - a wand of digging (2)
Scrolls
 d - 4 scrolls of teleportation
 e - 5 scrolls of enchant armour
 f - 2 scrolls of brand weapon {unknown}
 h - 2 scrolls of fog
 j - 4 scrolls of poison
 k - 5 scrolls of vulnerability
 m - 5 scrolls of noise
 q - 4 scrolls of enchant weapon {unknown}
 r - a scroll of silence {unknown}
 s - 7 scrolls of identify
 A - a scroll of magic mapping {unknown}
 G - a scroll of blinking
 H - 2 scrolls of fear {unknown}
 I - 2 scrolls of amnesia {unknown}
Potions
 b - 6 potions of curing
 i - 4 potions of attraction {unknown}
 o - 2 potions of flight
 p - 3 potions of haste
 t - 4 potions of mutation {unknown}
 u - 7 potions of brilliance
 v - 2 potions of heal wounds
 w - a potion of invisibility
 x - a potion of might {unknown}
 z - a potion of degeneration {unknown}
 E - 2 potions of ambrosia {unknown}


   Skills:
 - Level 3.0 Fighting
 + Level 2.8 Short Blades
 - Level 5.0 Dodging
 + Level 10.4 Stealth
 - Level 12.0 Spellcasting
 * Level 2.8 Necromancy
 + Level 1.6 Translocations
 - Level 3.0 Transmutations
 + Level 7.3 Earth Magic
 * Level 2.8 Invocations


You had 22 spell levels left.
You knew the following spells:

 Your Spells              Type           Power      Damage    Failure   Level
a - Sandblast             Erth           86%        2d18      1%          1
c - Blink                 Tloc           38%        N/A       4%          2
p - Petrify               Tmut/Erth      34%        N/A       6%          4
v - Borgnjor's Vile Clut  Necr/Erth      16%        N/A       19%         5

Your spell library contained the following spells:

 Spells                   Type           Power      Damage    Failure   Level
 Necrotise                Necr           96%        1d8       1%          1
 Passwall                 Tmut/Erth      28%        N/A       1%          2
 Stone Arrow              Conj/Erth      54%        3d10      3%          3
 Lesser Beckoning         Tloc           38%        N/A       4%          2
 Vampiric Draining        Necr           24%        2d7       4%          3
 Momentum Strike          Conj/Tloc      32%        3d8       5%          2
 Gell's Gravitas          Tloc           19%        N/A       8%          3
 Teleport Other           Tloc           19%        N/A       8%          3
 Anguish                  Hex/Necr       9%         N/A       30%         4
 Agony                    Necr           24%        N/A       43%         5
 Cause Fear               Hex            6%         N/A       45%         4
 Alistair's Intoxication  Tmut/Pois      12%        N/A       61%         5
 Summon Forest            Summ/Tloc      8%         N/A       71%         5
 Summon Mana Viper        Hex/Summ       12%        N/A       82%         5
 Dispersal                Tloc           9%         N/A       99%         6
 Eringya's Noxious Bog    Tmut/Pois      9%         N/A       99%         6
 Summon Cactus Giant      Summ           6%         N/A       100%        6
 Enfeeble                 Hex            6%         N/A       100%        7


Dungeon Overview and Level Annotations

Branches:
Dungeon (11/15)            Temple (1/1) D:5            Lair (0/5) D:8
  Sewer (visited)
    Orc: D:9-12

Altars:
Ashenzari
Cheibriados
Dithmenos
Elyvilon
Fedhas
Gozag
Hepliaklqana
Kikubaaqudgha
Makhleb
Nemelex Xobeh
Okawaru
Ru
Sif Muna
Trog
Uskayaw
Vehumet
Wu Jian
Xom
Yredelemnul
Zin
The Shining One

Shops:
D:6 =   D:7 !

Annotations:
D:4 exclusion: downstairs
D:6 exclusion: 2 downstairs
D:7 1 runed translucent door, NoOffense's ghost, novice TrEn
D:8 exclusion: downstairs
D:9 4 transporters
D:10 1 runed translucent door, McKennaii's ghost, journeyman DgCj
D:11 3 runed translucent doors, Erolcha; dertzug's ghost, journeyman HOMo


Innate Abilities, Weirdness & Mutations

You cannot wear most types of armour.
You are amphibious.
You can wear up to eight rings at the same time.
Your skin changes colour to match your surroundings (Stealth+).
Your rubbery body absorbs attacks. (AC +1, EV +1)
((You are camouflaged when in or above water. (Stealth+)))
You have tentacles for arms and can constrict up to eight enemies at once.


Message History

Okay, then.
Press: ? - help, v - describe, . - travel The floor, spattered with blood.
Okay, then.
Magic courses through your body.
The shadow slips into darkness.
The shadow flickers and vanishes!
Deactivating autopickup; reactivate with Ctrl-A.
Erolcha hits you with a +0 giant club!
Casting: Petrify (dangerous; 6% risk of failure)
Confirm with . or Enter, or press ? or * to list all spells.
Aiming: Petrify (dangerous; 6% risk of failure)
Press: ? - help, Shift-Dir - straight line, f/p - Erolcha
Aim: Erolcha, wielding a +0 giant club, wearing a +0 robe and carrying a wand of flame (12) (chance to affect: 28%) Erolcha is moving more slowly.
The shadow strikes at you from the darkness!
Reactivating autopickup.
You feel much better.
Erolcha zaps a wand.
The puff of flame hits you! The shadow closely misses you.
Casting: Petrify (dangerous; 6% risk of failure)
Confirm with . or Enter, or press ? or * to list all spells.
Aiming: Sandblast (safe; 1% risk of failure)
Press: ? - help, Shift-Dir - straight line, f - shadow, p - Erolcha
Aim: a shadow (85% to hit)
The blast of sand hits the shadow.
The shadow is lightly damaged.
Erolcha stops moving altogether!
The shadow hits you.
Unknown command.
Casting: Sandblast (safe; 1% risk of failure)
Confirm with . or Enter, or press ? or * to list all spells.
Aiming: Sandblast (safe; 1% risk of failure)
Press: ? - help, Shift-Dir - straight line, f/p - shadow
Aim: a shadow (lightly damaged, 85% to hit)
The blast of sand hits the shadow!
The shadow is heavily damaged.
The shadow slips into darkness.
The shadow flickers and vanishes!
Deactivating autopickup; reactivate with Ctrl-A.
The shadow strikes at you from the darkness!
You die...

#.# ###### #.# #.##
#><## #### #. ##..#
#..# cy ##.# #..# #c
## #.# ###.## ....#
#.#####...# .#c#
####........@# ...
#.......##.{O#####.#
#.......####.)...c.#
#.......# #########
#########


You could see Erolcha (petrified).

Vanquished Creatures
  3 two-headed ogres
  Nergalle (D:11)
  A cyclops (D:6)
  Joseph (D:7)
  Maggie (D:7)
  Sigmund (D:3)
  A vampire (D:10)
  7 wyverns
  4 yaks (D:8)
  A basilisk (D:8)
  2 steam dragons
  5 water moccasins
  2 acid dragons
  An orc warrior (D:8)
  A sky beast (D:7)
  2 black bears
  An ice beast (D:7)
  3 centaurs
  2 ogres
  5 kobold brigands
  2 phantoms
  5 bullfrogs
  5 scorpions
  2 gnoll sergeants
  12 wights
  6 killer bees (D:9)
  13 howler monkeys
  2 hounds
  3 orc priests
  A gnoll bouda (D:6)
  6 jellies
  A sleepcap (D:7)
  5 iguanas
  2 orc wizards
  21 gnolls
  7 adders
  5 river rats (Sewer)
  2 shadow imps (D:7)
  3 white imps
  4 ufetubi
  3 worms
  A dart slug (D:2)
  27 orcs
  6 bats
  7 endoplasms
  5 giant cockroaches
  8 goblins
  4 hobgoblins
  4 jackals (D:1)
  A quokka (D:2)
  10 ball pythons
  6 frilled lizards
  28 kobolds
  28 rats
290 creatures vanquished.

Notes
Turn   | Place    | Note
-------+----------+-------------------------------------------
     0 | D:1      | Atelerd the Octopode Earth Elementalist began the quest for
                  | the Orb.
     0 | D:1      | Reached XP level 1. HP: 11/11 MP: 3/3
   162 | D:1      | Reached XP level 2. HP: 17/17 MP: 3/5
   538 | D:1      | Found a faded altar of an unknown god.
   736 | D:2      | Reached XP level 3. HP: 21/21 MP: 1/6
  1541 | D:2      | Reached XP level 4. HP: 27/27 MP: 7/7
  1731 | D:3      | Noticed Sigmund
  1738 | D:3      | Learned a level 4 spell: Petrify
  2010 | D:3      | Found a glowing drain.
  2020 | Sewer    | Entered a sewer
  2095 | Sewer    | Reached XP level 5. HP: 31/31 MP: 4/8
  2719 | Sewer    | Noticed a kobold brigand
  2938 | Sewer    | Killed a kobold brigand
  2939 | Sewer    | Reached skill level 5 in Stealth
  2939 | Sewer    | Reached skill level 3 in Spellcasting
  2939 | Sewer    | Reached XP level 6. HP: 36/36 MP: 6/10
  3215 | D:3      | Found an opulent altar of Gozag.
  3273 | D:3      | Identified the +1 long sword of Analysis {antimagic, Int+2}
  3831 | D:4      | Found a bloodstained altar of Trog.
  3961 | D:4      | Reached skill level 5 in Earth Magic
  4118 | D:4      | Reached XP level 7. HP: 31/41 MP: 7/12
  4648 | D:4      | Found a burning altar of Makhleb.
  4648 | D:4      | Noticed a cacodemon
  4808 | D:4      | Reached skill level 1 in Fighting
  4808 | D:4      | Reached skill level 1 in Short Blades
  5122 | D:5      | Entered Level 5 of the Dungeon
  5122 | D:5      | Found a staircase to the Ecumenical Temple.
  5317 | D:5      | Reached skill level 4 in Spellcasting
  5317 | D:5      | Reached XP level 8. HP: 48/48 MP: 1/14
  5486 | Temple   | Entered the Ecumenical Temple
  5622 | Temple   | Became a worshipper of Sif Muna the Loreminder
  5940 | D:5      | Found a glowing silver altar of Zin.
  5974 | D:5      | Found a sparkling altar of Nemelex Xobeh.
  6513 | D:6      | Found Anauv's Jewellery Shop.
  6518 | D:6      | Reached skill level 5 in Spellcasting
  6703 | D:6      | Reached XP level 9. HP: 26/53 MP: 10/17
  6812 | D:6      | Noticed a cyclops
  6822 | D:6      | Killed a cyclops
  6823 | D:6      | Reached skill level 10 in Stealth
  6823 | D:6      | Reached skill level 6 in Spellcasting
  7462 | D:6      | Reached skill level 7 in Spellcasting
  7879 | D:7      | Found Leukuo's Distillery.
  8199 | D:3      | Killed Sigmund
  8457 | D:7      | Noticed Maggie
  8467 | D:7      | Killed Maggie
  8485 | D:7      | Reached skill level 5 in Dodging
  8555 | D:7      | Reached * piety under Sif Muna
  8579 | D:7      | Noticed Joseph
  8606 | D:7      | Killed Joseph
  8607 | D:7      | Reached XP level 10. HP: 40/62 MP: 2/21
  8731 | D:7      | Reached skill level 8 in Spellcasting
  8836 | D:7      | Noticed a two-headed ogre
  9299 | D:7      | Reached skill level 9 in Spellcasting
  9301 | D:7      | Killed a two-headed ogre
  9522 | D:7      | Found a runed translucent door.
  9523 | D:7      | Noticed NoOffense's ghost (novice TrEn)
  9548 | D:7      | Found a white marble altar of Elyvilon.
  9627 | D:7      | Found an ornate altar of the Wu Jian Council.
  9750 | D:7      | Bought a potion of invisibility for 96 gold pieces
  9750 | D:7      | Bought a potion of heal wounds for 60 gold pieces
  9750 | D:7      | Bought a potion of flight for 36 gold pieces
  9824 | D:7      | Noticed a boulder beetle
 10163 | D:8      | Noticed a two-headed ogre
 10180 | D:8      | Killed a two-headed ogre
 10181 | D:8      | Reached skill level 10 in Spellcasting
 10276 | D:8      | Found a shadowy altar of Dithmenos.
 10293 | D:8      | Found a staircase to the Lair.
 10465 | D:8      | Reached skill level 11 in Spellcasting
 10465 | D:8      | Reached XP level 11. HP: 67/67 MP: 18/26
 11410 | D:8      | Reached ** piety under Sif Muna
 11774 | D:8      | Learned a level 5 spell: Borgnjor's Vile Clutch
 11777 | D:8      | Learned a level 2 spell: Blink
 11861 | D:9      | Found a transporter.
 11864 | D:9      | Found a transporter.
 11867 | D:9      | Found a transporter.
 11867 | D:9      | Found a transporter.
 12128 | D:9      | Reached skill level 1 in Necromancy
 12131 | D:9      | Reached skill level 1 in Invocations
 12349 | D:9      | Found a radiant altar of Vehumet.
 12599 | D:10     | Entered Level 10 of the Dungeon
 12600 | D:10     | Noticed a two-headed ogre
 12613 | D:10     | Killed a two-headed ogre
 12614 | D:10     | Reached skill level 12 in Spellcasting
 12614 | D:10     | Reached skill level 1 in Translocations
 12844 | D:10     | Found a runed translucent door.
 12845 | D:10     | Noticed McKennaii's ghost (journeyman DgCj)
 12963 | D:10     | Found a shimmering altar of Xom.
 12969 | D:10     | Found a basalt altar of Yredelemnul.
 13400 | D:10     | Identified the +9 falchion "Nyhyol" {protect, Str+4}
 13866 | D:11     | Found a runed translucent gate.
 13866 | D:11     | Found a runed translucent gate.
 13867 | D:11     | Found a runed translucent gate.
 13868 | D:11     | Noticed dertzug's ghost (journeyman HOMo)
 13869 | D:11     | Noticed dertzug's ghost (journeyman HOMo)
 13890 | D:11     | Noticed Nergalle
 13899 | D:11     | Killed Nergalle
 14031 | D:11     | Identified the amulet "Dyphaam" {rPois rC+++ Regen+ MP+9
                  | Dex-3}
 14181 | D:11     | Noticed Erolcha
 14192 | D:11     | Slain by a shadow

Illustrated notes

Levels and vault maps discovered:
D:1:      dpeg_arrival_boxorama, layout_rooms, shapermc_ecumenical_altar_pompeii
D:2:      layout_basic, minmay_tiny_reverse_x
D:3:      layout_loops_ring, mainiacjoe_overflow_small_starburst,
          cheibrodos_sewer_entry_drain, serial_rivers,
          chequers_serial_rivers_micro_d, chequers_serial_rivers_small_3,
          chequers_serial_rivers_room_a, chequers_serial_rivers_marsh,
          chequers_serial_rivers_large_a, uniq_sigmund
D:4:      layout_basic, mainiacjoe_overflow_surrounded_room,
          makhleb_altar_promises_db
D:5:      layout_gridville, lemuel_tele_altar, zin_treasury,
          minmay_temple_entry_large_hall
D:6:      layout_loops_cross, serial_shops,
          nicolae_shop_competitors_out_of_business, minmay_fractal_squares_5
D:7:      layout_cave_pools, nicolae_overflow_hidden_temple, elyvilon_altar_1,
          serial_shops, nicolae_inconvenience_store, ebering_ghost_inner_flame,
          minmay_joined_circles, uniq_maggie, uniq_joseph
D:8:      layout_loops_ring, nicolae_dithmenos_the_darkroom,
          minmay_lair_entry_grove
D:9:      layout_cave_pools, mainiacjoe_overflow_cross_hatched, minivault_16,
          nicolae_diode_quadrants
D:10:     layout_grid_maze, mainiacjoe_overflow_large_starburst,
          gammafunk_ghost_grave
D:11:     minmay_spotlight, layout_rooms,
          kennysheep_orc_monster_closet_entryway, gammafunk_ghost_cemetery,
          feat_on_display, uniq_erolcha, uniq_nergalle
Temple:   zaba_magenta_temple

Skill      XL: |  1  2  3  4  5  6  7  8  9 10 11 |
---------------+----------------------------------+-----
Stealth        | 3 4 5 6 9 10 | 10.4
Earth Magic    | 4 5 6 7 |  7.3
Transmutations | 2 3 |  3.0
Spellcasting   | 3 4 5 7 11 12 | 12.0
Fighting       | 1 2 3 |  3.0
Short Blades   | 1 2 |  2.8
Dodging        | 5 |  5.0
Necromancy     | 2 |  2.8
Invocations    | 2 |  2.8
Translocations | 1 |  1.6

Action                     |  1- 3 |  4- 6 |  7- 9 | 10-12 || total
---------------------------+-------+-------+-------+-------++-------
  Melee: Dagger            |    16 |    11 |    48 |    55 ||   130
         Constrict         |     5 |     3 |    15 |    14 ||    37
         Tentacles         |     1 |     1 |    11 |    17 ||    30
         Lance             |       |       |     3 |    45 ||    48
         Punch             |       |       |       |     1 ||     1
   Cast: Sandblast         |    44 |   111 |   107 |   127 ||   389
         Petrify           |       |     2 |    33 |    77 ||   112
  Evoke: Wand              |       |       |       |     4 ||     4
    Use: Scroll            |       |     4 |     2 |     2 ||     8
         Potion            |       |       |     4 |     9 ||    13
   Stab: Sleeping          |     1 |       |     3 |     3 ||     7
         Petrified         |       |     5 |    36 |    55 ||    96
         Petrifying        |       |       |       |     3 ||     3
 Armour: Skin              |     1 |     2 |     7 |    63 ||    73
  Dodge: Dodged            |    22 |    52 |    83 |   103 ||   260
